 Dungeon Crawl Stone Soup version 0.17.1-2-g5865329 (webtiles) character file.

169 simples the Twirler (level 5, -2/42 HPs)
             Began as a Minotaur Gladiator on Feb 13, 2016.
             Slain by Grinder (5 damage)
             ... while paralysed by Grinder
             ... on level 3 of the Dungeon.
             The game lasted 00:03:30 (3018 turns).

simples the Twirler (Minotaur Gladiator)            Turns: 3018, Time: 00:03:31

Health: -2/42      AC:  6    Str: 20    XL:     5   Next: 25%
Magic:  4/4        EV:  2    Int:  5    God:
Gold:   81         SH:  0    Dex: 11    Spells: 0 memorised, 4 levels left

rFire  . . .     SeeInvis .     q - staff of cold
rCold  + . .     Clarity  .     g - +0 scale mail
rNeg   . . .     SustAt   .     (no shield)
rPois  .         Gourm    .     c - +0 hat
rElec  .         Spirit   .     (no cloak)
rCorr  .         Warding  .     (no gloves)
rMut   .         Stasis   .     (no boots)
MR     .....                    (no amulet)
Stlth  ..........               (no ring)
                                (no ring)

@: paralysed, lethally poisoned (-2 -> -5), not resistant to hostile
enchantments, extremely unstealthy
A: retaliatory headbutt, horns 2
a: no special abilities


You were on level 3 of the Dungeon.
You were hungry.

You visited 1 branch of the dungeon, and saw 3 of its levels.

You collected 81 gold pieces.

Inventory:

Hand Weapons
 a - a +0 quarterstaff
Missiles
 d - 3 throwing nets (quivered)
Armour
 c - a +0 hat (worn)
 g - a +0 scale mail (worn)
Magical Staves
 q - an uncursed staff of cold (weapon)
Jewellery
 k - an uncursed ring of protection from fire {unknown}
Scrolls
 b - 2 scrolls of identify {unknown}
 o - a scroll of enchant weapon {unknown}
 p - a scroll of teleportation {unknown}
 r - a scroll of fog {unknown}
 s - a scroll of remove curse {unknown}
 t - a scroll of random uselessness {unknown}
 u - a scroll of noise {unknown}
Potions
 f - 2 potions of curing
 h - a potion of resistance {unknown}
 l - 2 potions of agility {unknown}
 m - a potion of lignification {unknown}
Comestibles
 e - 3 bread rations
 i - a slice of pizza
 n - 4 meat rations


   Skills:
 - Level 2.4 Fighting
 + Level 7.2 Staves
 - Level 2.0 Throwing
 - Level 3.2 Dodging


You had 4 spell levels left.
You didn't know any spells.

Dungeon Overview and Level Annotations

Branches:
Dungeon (3/15)

Altars:
Dithmenos
Trog
Xom

Annotations:
D:3 Grinder


Innate Abilities, Weirdness & Mutations

You reflexively headbutt those who attack you in melee.
You have a pair of horns on your head.


Message History

You feel sick. The adder closely misses you.
Grinder says, "Wait up."
Grinder misses you.
You closely miss Grinder. Your headbutt misses Grinder.
Grinder is moderately wounded.
The adder barely misses you. You furiously retaliate!
You headbutt the adder!
You kill the adder!
Grinder gestures at you.
You suddenly lose the ability to move!
You feel sick. Grinder gestures at you. You resist with significant effort.
Grinder says, "I used to sell toenails on the black market."
Grinder hits you.
You feel sick. Grinder hits you!
* * * LOW HITPOINT WARNING * * *
You writhe in agony.
* * * LOW HITPOINT WARNING * * *
Grinder hits you.
You die...

#.##.##.........((.
#####..#.######..).....
........####..........
###.####......#########
##.....##..##### #
#.......#..# ##########
#.......#..# #.........
...._.5...## #.########
#......@#.# #.#
#.......#.# #.#
##.....##.#####.#
###.####.......#
.........######
..........#
############


You could see Grinder.

Vanquished Creatures
  A crimson imp (D:3)
  An orc priest (D:3)
  2 adders
  4 worms
  5 orcs (D:3)
  A ball python (D:3)
  5 bats
  2 giant cockroaches
  12 goblins
  4 hobgoblins
  6 jackals
  5 giant newts
  10 kobolds
  12 rats
70 creatures vanquished.

Notes
Turn   | Place    | Note
--------------------------------------------------------------
     0 | D:1      | simples the Minotaur Gladiator began the quest for the Orb.
     0 | D:1      | Reached XP level 1. HP: 18/18 MP: 0/0
   432 | D:1      | Reached skill level 4 in Staves
   538 | D:1      | Reached XP level 2. HP: 22/25 MP: 1/1
   929 | D:1      | Reached skill level 5 in Staves
  1271 | D:2      | Reached XP level 3. HP: 30/30 MP: 2/2
  2322 | D:3      | Reached XP level 4. HP: 35/37 MP: 3/3
  2365 | D:3      | Reached skill level 6 in Staves
  2389 | D:3      | Reached XP level 5. HP: 23/42 MP: 4/4
  2391 | D:3      | Reached skill level 7 in Staves
  2613 | D:3      | Found a shadowy altar of Dithmenos.
  2737 | D:3      | Found a shimmering altar of Xom.
  3001 | D:3      | Found a bloodstained altar of Trog.
  3002 | D:3      | Noticed Grinder
  3014 | D:3      | Paralysed by Grinder for 7 turns
  3018 | D:3      | Slain by Grinder

Action                   |  1- 3 |  4- 6 || total
-------------------------+-------+-------++-------
Melee: Quarterstaff      |    77 |       ||    77
       Staff             |    29 |    63 ||    92
  Use: Potion            |       |     1 ||     1
  Eat: Chunk             |     4 |     2 ||     6
